 Dungeon Crawl Stone Soup version 0.19.5 (webtiles) character file.

271 wolfsongas the Cudgeler (level 6, -9/51 HPs)
             Began as a Minotaur Fighter on May 5, 2017.
             Was a Priest of Ru.
             Mangled by an orc warrior
             ... wielding a +0 trident
              (20 damage)
             ... on level 5 of the Dungeon.
             The game lasted 00:08:39 (3287 turns).

wolfsongas the Cudgeler (Minotaur Fighter)          Turns: 3287, Time: 00:08:41

Health: -9/51      AC: 11    Str: 19 (22) XL:     6   Next: 2%
Magic:  5/5        EV:  3    Int:  7 (8)  God:    Ru [***...]
Gold:   199        SH:  9    Dex:  9 (10) Spells: 0 memorised, 5 levels left

rFire  x . .     SeeInvis .     a - +1 flail
rCold  x . .     Gourm    .     d - +0 plate armour
rNeg   . . .     Faith    .     c - +0 shield
rPois  .         Spirit   .     (helmet restricted)
rElec  .         Reflect  .     (no cloak)
rCorr  .         Harm     .     (no gloves)
MR     +....                    (no boots)
Stlth  ..........               (no amulet)
                                b - ring of protection from magic
                                h - +3 ring of intelligence

@: exhausted, drained
A: retaliatory headbutt, horns 2, temperature sensitive
a: Draw Out Power, Renounce Religion


You were on level 5 of the Dungeon.
You worshipped Ru.
Ru was most pleased with you.
You were full.

You visited 1 branch of the dungeon, and saw 5 of its levels.

You collected 199 gold pieces.

Inventory:

Hand Weapons
 a - a +1 flail (weapon)
Armour
 c - a +0 shield (worn)
 d - a +0 plate armour (worn)
 j - a +0 scale mail of fire resistance
Jewellery
 b - a ring of protection from magic (right hand)
 h - a +3 ring of intelligence (left hand)
Scrolls
 e - a scroll of amnesia
 k - a scroll of identify
Comestibles
 f - 2 bread rations
 g - 2 meat rations
 i - a slice of pizza


   Skills:
 - Level 3.6(3.2) Fighting
 + Level 7.4(7.0) Maces & Flails
 - Level 3.6(3.2) Armour
 - Level 1.4(1.1) Dodging
 - Level 3.6(3.2) Shields


You had 5 spell levels left.
You didn't know any spells.

Dungeon Overview and Level Annotations

Branches:
Dungeon (5/15)
 Temple: D:4-7

Altars:
Ru
Sif Muna
Trog
The Shining One

Shops:
D:4 *

Annotations:
D:5 Morgon's ghost, amateur DsMo


Innate Abilities, Weirdness & Mutations

You reflexively headbutt those who attack you in melee.
You have a pair of horns on your head.
You are sensitive to extremes of temperature. (rF-, rC-)


Message History

Your headbutt misses Morgon's ghost.
Morgon's ghost is moderately damaged.
The orc warrior barely misses you.
The orc throws a tomahawk of dispersal.
The tomahawk of dispersal hits you but does no damage.
You block the orc's attack. Morgon's ghost hits you.
You block the orc warrior's attack.
Your shield and plate armour prevent you from hitting Morgon's ghost.
Morgon's ghost is lightly damaged.
The orc throws a tomahawk of dispersal.
The tomahawk of dispersal hits you but does no damage.
The orc hits you but does no damage.
Morgon's ghost hits you but does no damage.
The orc warrior hits you from afar with a trident!
You hit Morgon's ghost.
Morgon's ghost is moderately damaged.
The orc hits you but does no damage. Morgon's ghost hits you.
* * * LOW HITPOINT WARNING * * *
You focus your will and blind Morgon's ghost in retribution!
The orc warrior hits you from afar with a trident!!
You die...

..... ...?. .....
. #... .# #...##
..# #.oo## ##...#
#..oW######.....#
#.ao@............
##............#.
#.†.....######
#....#### #....#
#....# #....#
##....#
#########.....#


You could see an orc warrior, a worker ant, Morgon's ghost (blind) and 3 orcs.

Vanquished Creatures
  A hound (D:4)
  Ijyb (D:2)
  Terence (D:3)
  An iguana (D:5)
  8 adders
  A gnoll (D:1)
  An adder skeleton (D:4)
  2 worms (D:2)
  A dart slug (D:1)
  3 leopard geckos
  2 orcs
  3 giant cockroaches
  10 goblins
  9 hobgoblins
  10 jackals
  A quokka (D:3)
  2 ball pythons
  3 bats (D:1)
  A frilled lizard (D:2)
  11 kobolds
  8 rats
80 creatures vanquished.

Notes
Turn   | Place    | Note
-------+----------+-------------------------------------------
     0 | D:1      | wolfsongas the Minotaur Fighter began the quest for the Orb.
     0 | D:1      | Reached XP level 1. HP: 19/19 MP: 0/0
   195 | D:1      | Reached skill level 3 in Maces & Flails
   205 | D:1      | Reached XP level 2. HP: 14/26 MP: 1/1
   367 | D:1      | Reached skill level 4 in Maces & Flails
   447 | D:1      | Reached XP level 3. HP: 19/31 MP: 2/2
  1105 | D:2      | Reached skill level 5 in Maces & Flails
  1141 | D:2      | Found a sacrificial altar of Ru.
  1149 | D:2      | Became a worshipper of Ru the Awakened
  1209 | D:2      | Reached XP level 4. HP: 34/39 MP: 3/3
  1276 | D:2      | Noticed Ijyb
  1282 | D:2      | Killed Ijyb
  1588 | D:2      | Noticed a moth of wrath
  1590 | D:2      | Found a bloodstained altar of Trog.
  1595 | D:2      | Reached skill level 1 in Dodging
  1779 | D:2      | Reached skill level 6 in Maces & Flails
  2037 | D:3      | Found a glowing golden altar of the Shining One.
  2130 | D:3      | Reached XP level 5. HP: 39/45 MP: 4/4
  2287 | D:3      | Noticed Terence
  2293 | D:3      | Killed Terence
  2556 | D:3      | Gained mutation: You are sensitive to extremes of temperature. (rF-, rC-) [Ru sacrifice]
  2556 | D:3      | Reached * piety under Ru
  2556 | D:3      | Reached ** piety under Ru
  2556 | D:3      | Reached *** piety under Ru
  2657 | D:4      | Found Xyru Kikh's General Store.
  2821 | D:4      | Reached skill level 7 in Maces & Flails
  3022 | D:4      | Found a deep blue altar of Sif Muna.
  3224 | D:5      | Entered Level 5 of the Dungeon
  3266 | D:5      | Reached XP level 6. HP: 48/51 MP: 5/5
  3276 | D:5      | Noticed Morgon's ghost (amateur DsMo)
  3279 | D:5      | Noticed an orc warrior
  3287 | D:5      | Mangled by an orc warrior

Skill      XL: |  1  2  3  4  5 |
---------------+----------------+-----
Maces & Flails | 3 4 5 6 7 |  7.4
Dodging        | 1 |  1.4
Fighting       | |  3.6
Armour         | |  3.6
Shields        | |  3.6

Action                   |  1- 3 |  4- 6 || total
-------------------------+-------+-------++-------
Melee: Flail             |    78 |   157 ||   235
       Headbutt          |     9 |    15 ||    24
Invok: Sacrifice Resista |       |     1 ||     1
       Draw Out Power    |       |     1 ||     1
  Use: Scroll            |     2 |     6 ||     8
       Potion            |     1 |     5 ||     6
  Eat: Bread ration      |       |     3 ||     3
Armor: Scale mail        |    28 |    28 ||    56
       Plate armour      |       |    33 ||    33
Dodge: Dodged            |    30 |    30 ||    60
Block: Shield            |    35 |    77 ||   112
